 Dungeon Crawl Stone Soup version coffee-0.2.0 (webtiles) character file.

Game seed: 1263829769488252867, levelgen mode: deterministic

4366 Dorkslayer the Grappler (level 10, -2/102 HPs)
             Began as a Troll Fighter on Oct 8, 2020.
             Was an Elder of Trog.
             Slain by an orc warrior
             ... wielding a +0 dire flail of venom
              (16 damage)
             ... on level 9 of the Dungeon on Oct 9, 2020.
             The game lasted 00:22:57 (5709 turns).

Dorkslayer the Grappler (Troll Fighter)             Turns: 5709, Time: 00:22:57

Health: -2/102     AC:  7    Str: 29    XL:     10   Next: 13%
Magic:  12/12      EV: 12    Int:  4    God:    Trog [****..]
Gold:   192        SH: 11    Dex:  9    Spells: 9/9 levels left

rFire    . . .     SeeInvis .     - Unarmed
rCold    . . .     Gourm    +   b - +0 kite shield
rNeg     . . .     Faith    .   o - +1 robe {Archmagi}
rPois    .         Spirit   .   l - +0 hat
rElec    .         Reflect  .   A - scarf {repulsion}
rCorr    .         Harm     .   (gloves unavailable)
MR       .....                  (boots unavailable)
Stlth    ++++......             (no amulet)
HPRegen  0.67/turn              y - ring of stealth
MPRegen  0.13/turn              (no ring)

@: lethally poisoned (-2 -> -3), studying Fighting, repel missiles
A: large, unfitting armour, claws 3, fast metabolism 3, gourmand, regeneration
1, shaggy fur 1, tough skin 3
a: Berserk, Trog's Hand, Brothers in Arms, Renounce Religion


You were on level 9 of the Dungeon.
You worshipped Trog.
Trog was greatly pleased with you.
You were not hungry.

You visited 2 branches of the dungeon, and saw 10 of its levels.

You collected 444 gold pieces.
You spent 252 gold pieces at shops.

Inventory:

Hand Weapons
 m - a +2 hand axe of flaming
Missiles
 a - a throwing net
 k - 4 boomerangs (quivered)
Armour
 b - a +0 kite shield (worn)
 l - a +0 hat (worn)
 o - a +1 robe of the Archmagi (worn)
 A - a scarf of repulsion (worn)
Jewellery
 y - a ring of stealth (left claw)
Wands
 q - a wand of acid (11)
 B - a wand of digging (5)
Scrolls
 e - 4 scrolls of immolation
 h - 5 scrolls of teleportation
 r - a scroll of fog
 v - 3 scrolls of remove curse
 x - a scroll of fear
Potions
 c - 4 potions of might
 f - 5 potions of curing
 g - 2 potions of stabbing
 i - a potion of haste
 j - a potion of invisibility
 s - a potion of heal wounds
 u - a potion of magic
 w - 3 potions of brilliance
 z - 2 potions of flight
 C - a potion of cancellation
Books
 p - a manual of Fighting
Miscellaneous
 t - a lightning rod (4/4)
Comestibles
 d - 11 rations


   Skills:
 * Level 7.0(8.5) Fighting
 + Level 1.6 Throwing
 + Level 4.6(7.5) Dodging
 + Level 1.9(5.1) Stealth
 + Level 4.6(7.5) Shields
 + Level 9.7 Unarmed Combat
 * Level 4.2 Evocations


You had 9 spell levels left.
You didn't know any spells.
Your spell library contained the following spells:

 Spells                   Type           Power        Failure   Level  Hunger
 Confusing Touch          Hex            #.......     82%         3    ####...
 Gell's Gravitas          Tloc           #.........   82%         3    ####...
 Petrify                  Tmut/Erth      #.......     88%         4    #####..
 Yara's Violent Unravell  Hex/Tmut       #.........   99%         5    ######.
 Metabolic Englaciation   Hex/Ice        #.........   100%        5    ######.


Dungeon Overview and Level Annotations

Branches:
Dungeon (9/10)             Temple (1/1) D:2

Altars:
Dithmenos
Fedhas
Gozag
Hepliaklqana
Makhleb
Qazlal
Trog
Uskayaw
Xom
Zin

Shops:
D:2 ?   D:7 [


Innate Abilities, Weirdness & Mutations

You are too large for most types of armour.
You have claws for hands.
Your metabolism is lightning-fast.
You like to eat raw meat.
Your natural rate of healing is unusually fast.
You are covered in fur. (AC +1)
You have extremely tough skin. (AC +3)


Message History

The orc warrior is lightly wounded.
The orc warrior hits you with a +0 dire flail of venom!
* * * LOW HITPOINT WARNING * * *
You are poisoned.
You closely miss the orc warrior.
The orc warrior is lightly wounded.
You feel sick. You block the orc warrior's attack.
Unknown command.
You feel much better.
You feel sick.
You barely miss the orc warrior.
The orc warrior is lightly wounded.
The orc warrior hits you with a +0 dire flail of venom.
* * * LOW HITPOINT WARNING * * *
You scratch the orc warrior.
The orc warrior is moderately wounded.
You feel sick. You block the orc warrior's attack.
Your shield prevents you from hitting the orc warrior.
The orc warrior is moderately wounded.
The orc warrior hits you with a +0 dire flail of venom!
You die...

#.# ..+ #.#
#.# #.# #.#
#.# #@#
#o#######
#oo.....#
######o......#
.............#
.............#
.......).<...#
.>...........#
.............#


You could see an orc warrior, an orc wizard and 2 orcs.

Vanquished Creatures
  A troll (D:9)
  Grinder (D:3)
  A hippogriff (D:9)
  A wyvern (D:8)
  Menkaure (D:7)
  Duvessa (D:5)
  An orc warrior (D:7)
  An ice beast (D:6)
  A black bear (D:8)
  3 sky beasts
  A phantom (D:3)
  A centaur (D:8)
  2 big kobolds
  4 bullfrogs
  2 water moccasin zombies
  Dowan (D:5)
  2 scorpions
  12 killer bees
  3 wights (D:8)
  4 howler monkeys
  4 crimson imps
  A hound (D:6)
  A centaur zombie (D:5)
  A gnoll shaman (D:6)
  2 bullfrog skeletons
  An orc priest (D:6)
  8 orc wizards
  2 iguanas
  10 worker ants
  2 killer bee zombies
  A hound zombie (D:5)
  2 hound skeletons
  A howler monkey zombie (D:7)
  8 adders
  5 gnolls (D:6)
  2 shadow imps
  7 worms
  2 dart slugs
  3 leopard geckos
  25 orcs
  6 bats
  2 giant cockroaches (D:2)
  10 goblins
  12 hobgoblins
  12 jackals
  19 kobolds
  3 quokkas
  2 ball pythons
  5 frilled lizards
  6 rats
209 creatures vanquished.

Notes
Turn   | Place    | Note
-------+----------+-------------------------------------------
     0 | D:1      | Dorkslayer the Troll Fighter began the quest for the Orb.
     0 | D:1      | Reached XP level 1. HP: 22/22 MP: 0/0
   230 | D:1      | Reached XP level 2. HP: 29/29 MP: 1/1
   700 | D:1      | Reached XP level 3. HP: 36/36 MP: 2/2
   830 | D:2      | Found a staircase to the Ecumenical Temple.
   839 | Temple   | Entered the Ecumenical Temple
   849 | Temple   | Became a worshipper of Trog the Wrathful
  1136 | D:2      | Reached skill level 3 in Unarmed Combat
  1187 | D:2      | Reached XP level 4. HP: 44/44 MP: 3/3
  1533 | D:2      | Found Geumn's Magic Scroll Emporium.
  1638 | D:3      | Reached * piety under Trog
  1677 | D:3      | Noticed a phantom
  1689 | D:3      | Killed a phantom
  1689 | D:3      | Reached skill level 4 in Unarmed Combat
  1689 | D:3      | Reached XP level 5. HP: 53/53 MP: 4/4
  1758 | D:3      | Noticed Grinder
  1802 | D:3      | Killed Grinder
  1802 | D:3      | Reached skill level 5 in Unarmed Combat
  1802 | D:3      | Reached skill level 1 in Evocations
  1802 | D:3      | Reached XP level 6. HP: 61/61 MP: 5/5
  1864 | D:3      | Found an opulent altar of Gozag.
  2307 | D:3      | Reached XP level 7. HP: 68/68 MP: 5/7
  2724 | D:4      | Reached ** piety under Trog
  2724 | D:4      | Reached skill level 6 in Unarmed Combat
  3181 | D:5      | Entered Level 5 of the Dungeon
  3314 | D:5      | Noticed Duvessa
  3316 | D:5      | Noticed Dowan
  3341 | D:5      | Killed Duvessa
  3349 | D:5      | Reached skill level 7 in Unarmed Combat
  3362 | D:5      | Killed Dowan
  3362 | D:5      | Reached XP level 8. HP: 64/78 MP: 6/8
  3659 | D:6      | Reached *** piety under Trog
  3827 | D:6      | Reached skill level 5 in Fighting
  3967 | D:6      | Reached skill level 1 in Stealth
  3967 | D:6      | Reached skill level 8 in Unarmed Combat
  4384 | D:7      | Found Osopteg's Antique Armour Shop.
  4387 | D:7      | Bought a scarf of repulsion for 252 gold pieces
  4417 | D:7      | Reached XP level 9. HP: 60/88 MP: 10/10
  4670 | D:7      | Noticed Menkaure
  4678 | D:7      | Killed Menkaure
  4689 | D:7      | Found a shadowy altar of Dithmenos.
  4823 | D:7      | Reached **** piety under Trog
  4867 | D:7      | Reached skill level 9 in Unarmed Combat
  5219 | D:8      | Found a hazy altar of Hepliaklqana.
  5222 | D:8      | Found a blossoming altar of Fedhas.
  5222 | D:8      | Found a burning altar of Makhleb.
  5232 | D:8      | Found an opulent altar of Gozag.
  5236 | D:8      | Found a stormy altar of Qazlal.
  5459 | D:8      | Reached skill level 1 in Throwing
  5612 | D:8      | Reached XP level 10. HP: 100/100 MP: 12/12
  5704 | D:9      | HP: 5/102 [orc warrior/+0 dire flail of venom (15)]
  5709 | D:9      | Slain by an orc warrior

Levels and vault maps discovered:
D:1:      roderic_chinese_lattice_arrival, layout_loops_ring
D:2:      layout_loops_ring, minmay_temple_entry_grid, serial_shops, shop
D:3:      layout_loops_cross, roderic_roman_lattice, nicolae_gozag_seed_capital,
          uniq_grinder
D:4:      minmay_recursive_quarters, layout_basic, first_ration
D:5:      layout_rooms, uniq_duvessa
D:6:      layout_rooms
D:7:      layout_basic, nicolae_dithmenos_through_a_glass_darkly, serial_shops,
          shop, uniq_menkaure
D:8:      layout_gridville, minmay_overflow_temple_star_hex
D:9:      layout_small_grid, grunt_livestock, kennysheep_path_1
Temple:   eino_temple_scatter_basement

Skill      XL: |  1  2  3  4  5  6  7  8  9 10 |
---------------+-------------------------------+-----
Unarmed Combat | 3 4 5 7 8 9 |  9.7
Fighting       | 3 4 5 6 7 |  7.0
Dodging        | 3 4 |  4.6
Shields        | 3 4 |  4.6
Evocations     | 1 2 3 4 |  4.2
Stealth        | 1 |  1.9
Throwing       | 1 |  1.6

Action                   |  1- 3 |  4- 6 |  7- 9 | 10-12 || total
-------------------------+-------+-------+-------+-------++-------
Melee: Unarmed           |   110 |   120 |   353 |    31 ||   614
Throw: Boomerang         |     1 |     1 |    26 |     4 ||    32
Invok: Berserk           |       |       |     2 |       ||     2
       Trog's Hand       |       |       |     1 |       ||     1
Evoke: Wand              |       |       |     1 |       ||     1
  Use: Scroll            |     1 |       |     2 |       ||     3
       Potion            |       |       |     2 |     1 ||     3
 Stab: Sleeping          |     2 |     2 |     8 |       ||    12
  Eat: Chunk             |    16 |    11 |    26 |       ||    53
Armor: Robe              |    42 |    21 |    62 |     3 ||   128
Dodge: Dodged            |    45 |    38 |   147 |    18 ||   248
       Deflected         |       |       |     4 |       ||     4
Block: Kite shield       |    34 |    40 |   155 |    24 ||   253
